 Dungeon Crawl Stone Soup version 0.19.0-18-g426998a (webtiles) character file.

44 sighowe the Firebug (level 3, -1/26 HPs)
             Began as a Draconian Fire Elementalist on Nov 12, 2016.
             Slain by a goblin (4 damage)
             ... led by Robin
             ... on level 2 of the Dungeon.
             The game lasted 00:07:06 (2490 turns).

sighowe the Firebug (Draconian Fire Elementalist)   Turns: 2490, Time: 00:07:06

Health: -1/26      AC:  5    Str: 11    XL:     3   Next: 39%
Magic:  6/6        EV: 12    Int: 15    God:
Gold:   58         SH:  0    Dex: 11    Spells: 1 memorised, 5 levels left

rFire  . . .     SeeInvis .     f - +0 short sword
rCold  . . .     Gourm    .     (armour unavailable)
rNeg   . . .     Faith    .     (no shield)
rPois  .         Spirit   .     (helmet restricted)
rElec  .         Reflect  .     (no cloak)
rCorr  .         Harm     .     (no gloves)
MR     .....                    (no boots)
Stlth  ++........               (no amulet)
                                (no ring)
                                (no ring)

@: no status effects
A: unfitting armour, cold-blooded, AC +5
a: no special abilities


You were on level 2 of the Dungeon.
You were hungry.

You visited 1 branch of the dungeon, and saw 2 of its levels.

You collected 58 gold pieces.

Inventory:

Hand Weapons
 f - a +0 short sword (weapon)
Armour
 h - a +1 chain mail
Scrolls
 c - 2 scrolls of magic mapping {unknown}
 d - 3 scrolls of identify
 e - a scroll of random uselessness
Books
 a - a book of Flames

   Spells                             Type                      Level
   a - Flame Tongue                   Conjuration/Fire             1
   b - Throw Flame                    Conjuration/Fire             2
   c - Conjure Flame                  Conjuration/Fire             3
   d - Inner Flame                    Hexes/Fire                   3
   e - Sticky Flame                   Conjuration/Fire             4
   f - Fireball                       Conjuration/Fire             5
Comestibles
 b - 3 bread rations


   Skills:
 + Level 0.6 Short Blades
 + Level 2.3 Dodging
 + Level 2.0 Stealth
 + Level 1.0 Unarmed Combat
 + Level 2.1 Spellcasting
 + Level 1.1 Conjurations
 + Level 3.4 Fire Magic


You had 5 spell levels left.
You knew the following spells:

 Your Spells              Type           Power        Failure   Level  Hunger
a - Flame Tongue          Conj/Fire      #....        12%         1    #......


Dungeon Overview and Level Annotations

Branches:
Dungeon (2/15)

Altars:

Annotations:
D:2 Robin


Innate Abilities, Weirdness & Mutations

Your plain brown scales are hard. (AC +5)
You cannot fit into any form of body armour.
You are cold-blooded and may be slowed by cold attacks.


Message History

The goblin barely misses you. The goblin hits you with a club.
* * * LOW HITPOINT WARNING * * *
You hit the goblin.
You kill the goblin!
The goblin hits you but does no damage.
You see here a club.
Found 8 stones.
Found a scroll labeled HYF KOWOFEA.
Robin says, "My goblins will feast on your bones."
Found a hand axe.
You see here a scroll labeled HYF KOWOFEA.
Robin roars a battlecry!
The goblin no longer looks unusually strong.
Your magical contamination has completely faded away.
The goblin hits you but does no damage.
The goblin hits you but does no damage. x2
Robin roars a battlecry!
The goblin goes into a battle-frenzy!
You closely miss the goblin. The goblin hits you.
You die...

###### ####)...#
####g.g...#
######
#.g..##@###
#....###.####g.#
#.....g.gg.g..##
##.[....########
##..g...##
.)...(..#
###.....#
#....## #.(..#


You could see Robin, a hobgoblin and 2 goblins.

Vanquished Creatures
  3 dart slugs (D:1)
  2 leopard geckos (D:1)
  2 giant cockroaches (D:1)
  8 goblins
  5 hobgoblins (D:1)
  5 kobolds (D:1)
  A quokka (D:1)
  2 bats (D:1)
  3 frilled lizards
  4 rats (D:1)
35 creatures vanquished.

Notes
Turn   | Place    | Note
-------+----------+-------------------------------------------
     0 | D:1      | sighowe the Draconian Fire Elementalist began the quest for the Orb.
     0 | D:1      | Reached XP level 1. HP: 14/14 MP: 3/3
   635 | D:1      | Reached XP level 2. HP: 20/20 MP: 5/5
  1455 | D:1      | Reached XP level 3. HP: 19/26 MP: 6/6
  2443 | D:2      | Noticed Robin
  2446 | D:2      | Reached skill level 1 in Unarmed Combat
  2468 | D:2      | HP: 1/26 [goblin/club[Robin] (1)]
  2490 | D:2      | Slain by a goblin

Skill      XL: |  1  2  3 |
---------------+----------+-----
Stealth        | 2 |  2.0
Dodging        | 2 |  2.3
Unarmed Combat | 1 |  1.0
Short Blades   | |  0.6
Spellcasting   | |  2.1
Conjurations   | |  1.1
Fire Magic     | |  3.4

Action                   || total
-------------------------++-------
Melee: Unarmed           ||   109
       Tailslap          ||    12
       Short sword       ||    66
 Cast: Flame Tongue      ||     4
  Use: Scroll            ||     5
 Stab: Sleeping          ||     2
  Eat: Bread ration      ||     1
Armor: Skin              ||    69
Dodge: Dodged            ||   123
